 Dungeon Crawl Stone Soup version 0.30-a0-578-gdee14c521f (webtiles) character file.

Game seed: 17843204625153516985

109 wormed the Shooter (level 4, 0/27 HPs)
             Began as a Tengu Hunter on Dec 31, 2022.
             Slain by Menkaure (12 damage)
             ... on level 4 of the Dungeon.
             The game lasted 00:02:34 (1932 turns).

wormed the Shooter (Tengu Hunter)                   Turns: 1932, Time: 00:02:34

Health: 0/27       AC:  3    Str: 12    XL:     4   Next: 90%
Magic:  5/5        EV: 13    Int:  9    God:
Gold:   150        SH:  0    Dex: 19    Spells: 3/3 levels left

rFire   . . .      SeeInvis .    a - +0 shortbow
rCold   . . .      Faith    .    (shield currently unavailable)
rNeg    . . .      Spirit   .    m - +0 leather armour
rPois   .          Reflect  .    (helmet restricted)
rElec   .          Harm     .    (no cloak)
rCorr   .          Rampage  .    (no gloves)
Will    .....                    (boots unavailable)
Stlth   ++                       (no amulet)
HPRegen 0.24/turn                (no ring)
MPRegen 0.09/turn                (no ring)

@: no status effects
A: beak, talons 3
a: no special abilities


You were on level 4 of the Dungeon.
You visited 1 branch of the dungeon, and saw 4 of its levels.

You collected 150 gold pieces.

Inventory:

Hand Weapons
 a - a +0 shortbow (weapon)
Armour
 m - a +0 leather armour (worn)
Scrolls
 b - a scroll of immolation
 f - a scroll of enchant armour {unknown}
 g - 2 scrolls of vulnerability {unknown}
 h - 5 scrolls of identify {unknown}
 i - a scroll of fog {unknown}
 j - 2 scrolls of fear {unknown}
 k - a scroll of acquirement {unknown}
 n - a scroll of brand weapon {unknown}
 o - a scroll of torment {unknown}
 r - a scroll of amnesia {unknown}
 t - a scroll of blinking {unknown}
 u - a scroll of magic mapping {unknown}
Potions
 c - a potion of curing {unknown}
 d - a potion of experience {unknown}
 e - 2 potions of cancellation {unknown}
 l - 2 potions of brilliance {unknown}
 p - a potion of haste {unknown}
 q - a potion of lignification {unknown}
 s - a potion of flight {unknown}


   Skills:
 + Level 2.7 Fighting
 * Level 5.4 Ranged Weapons
 + Level 3.1 Dodging
 + Level 2.2 Stealth


You had 3 spell levels left.
You didn't know any spells.
Your spell library contained the following spells:

 Spells                   Type           Power      Damage    Failure   Level
 Necrotise                Necr           0%         1d4       45%         1
 Vampiric Draining        Necr           0%         2d6       83%         3
 Agony                    Necr           0%         N/A       100%        5


Dungeon Overview and Level Annotations

Branches:
Dungeon (4/15)
 Temple: D:4-7

Altars:
Ashenzari
Kikubaaqudgha
Uskayaw

Annotations:
D:4 Menkaure


Innate Abilities, Weirdness & Mutations

You have a beak for a mouth.
You have claws for feet.


Message History

There is an entrance to a sewer on this level.
Hurry and find it before the portal rusts away!
There is a stone staircase leading up here.
You now have 142 gold pieces (gained 11).
You now have 150 gold pieces (gained 8).
Menkaure, Prince of Dust comes into view.
Menkaure mumbles some strange words.
Menkaure seems to speed up.
You see here 12 gold pieces.
You shoot an arrow. The arrow hits Menkaure!
Menkaure is heavily damaged.
You shoot an arrow. The arrow barely misses Menkaure.
You shoot an arrow. The arrow hits Menkaure.
Menkaure is heavily damaged.
You shoot an arrow. The arrow hits Menkaure.
Menkaure is heavily damaged.
Menkaure hits you. Menkaure misses you.
You shoot an arrow.
The arrow hits Menkaure but does no damage.
Menkaure is heavily damaged.
Menkaure barely misses you.
Menkaure gestures at you while chanting.
Pain shoots through your body!
Ouch! That really hurt!
You are too injured to fight recklessly!
You are too injured to fight recklessly!
You are too injured to fight recklessly!
You are too injured to fight recklessly!
Fire: a) +0 shortbow
Press: ? - help, Q - select action Shift-Dir - straight line, f/p - Menkaure
Aim: Menkaure (heavily damaged, fast, 77% to hit)
You shoot an arrow. The arrow hits Menkaure!
Menkaure is almost destroyed.
Menkaure misses you.
Fire: a) +0 shortbow
Press: ? - help, Q - select action Shift-Dir - straight line, f/p - Menkaure
Aim: Menkaure (almost destroyed, fast, 77% to hit)
You shoot an arrow. The arrow hits Menkaure.
Menkaure is almost destroyed.
Menkaure closely misses you. Menkaure hits you!
You die...

##############
#......@M....#
#.##########$#
#.# #........
#.# #######.#
#.#
##########.#
#<.........#
############


You could see Menkaure (fast).

Vanquished Creatures
  Robin (D:3)
  2 adders (D:3)
  2 orcs (D:3)
  6 endoplasms
  6 giant cockroaches
  17 goblins
  8 hobgoblins
  4 jackals (D:1)
  6 quokkas
  3 ball pythons
  3 bats
  2 frilled lizards
  3 kobolds
  6 rats
69 creatures vanquished.

Notes
Turn   | Place    | Note
-------+----------+-------------------------------------------
     0 | D:1      | wormed the Tengu Hunter began the quest for the Orb.
     0 | D:1      | Reached XP level 1. HP: 12/12 MP: 2/2
    82 | D:1      | Reached XP level 2. HP: 14/17 MP: 3/3
   422 | D:1      | Reached XP level 3. HP: 21/21 MP: 4/4
   773 | D:2      | Reached skill level 5 in Ranged Weapons
   961 | D:2      | Found a broken altar of Ashenzari.
  1274 | D:3      | Reached XP level 4. HP: 27/27 MP: 5/5
  1391 | D:3      | Found an ancient bone altar of Kikubaaqudgha.
  1434 | D:3      | Found a hide-covered altar of Uskayaw.
  1456 | D:3      | Noticed Robin
  1502 | D:3      | Killed Robin
  1920 | D:4      | Noticed Menkaure
  1932 | D:4      | Slain by Menkaure

Illustrated notes

Levels and vault maps discovered:
D:1:      giann_bridges, layout_loops_ring, serial_bayou_pond_d,
          grunt_decor_arrowhead
D:2:      layout_rooms, basic_altar, grunt_ministairs_1
D:3:      layout_basic, mainiacjoe_overflow_chevrons,
          mainiacjoe_overflow_24_doors, uniq_robin
D:4:      layout_basic, portal_sewer_entry_e, uniq_menkaure

Skill      XL: |  1  2  3  4 |
---------------+-------------+-----
Ranged Weapons | 5 |  5.4
Stealth        | 2 |  2.2
Dodging        | 3 |  3.1
Fighting       | |  2.7

Action                   |  1- 3 |  4- 6 || total
-------------------------+-------+-------++-------
 Fire: Shortbow          |   118 |    51 ||   169
  Use: Potion            |       |     3 ||     3
Armor: Leather armour    |     8 |    12 ||    20
Dodge: Dodged            |    28 |    41 ||    69

Table legend: (Time is in decaauts)
 A = Elapsed time spent in this place.
 B = Non-inter-level travel time spent in this place.
 C = Inter-level travel time spent in this place.
 D = Time resting spent in this place.
 E = Time spent auto-exploring this place.
 F = Levels seen in this place.
 G = Mean time per level.
                   A        B        C        D        E       F      G
               +--------+--------+--------+--------+--------+-----+--------+
         Total |   1988 |   1893 |     95 |      0 |   1510 |   4 |  497.0 |
       Dungeon |   1988 |   1893 |     95 |      0 |   1510 |   4 |  497.0 |
               +--------+--------+--------+--------+--------+-----+--------+

Top non-repeatable levels by time:
     D:1: 762 daAuts
     D:3: 733 daAuts
     D:2: 449 daAuts
     D:4: 42 daAuts
